 Dungeon Crawl Stone Soup version 0.26.1-12-g5ba1501909 (webtiles) character file.

Game seed: 1565023649361720140

57183 tropedat the Warrior (level 14, -12/137 HPs)
             Began as a Hill Orc Monk on Oct 15, 2021.
             Was a High Priest of Beogh.
             Mangled by a komodo dragon (23 damage)
             ... on level 3 of the Lair of Beasts on Oct 16, 2021.
             The game lasted 04:47:24 (24984 turns).

tropedat the Warrior (Hill Orc Monk)               Turns: 24984, Time: 04:47:25

Health: -12/137    AC: 22    Str: 25    XL:     14   Next: 85%
Magic:  29/29      EV:  9    Int: 10    God:    Beogh [*****.]
Gold:   1044       SH:  5    Dex: 13    Spells: 13/13 levels left

rFire    . . .     SeeInvis .   E - +4 war axe (vorpal)
rCold    . . .     Faith    .   V - +0 buckler
rNeg     . . .     Spirit   .   g - +0 plate armour
rPois    +         Reflect  .   o - +1 helmet
rElec    .         Harm     .   i - scarf {+Inv}
rCorr    .         Rampage  .   (no gloves)
Will     +....                  v - +2 pair of boots of Eheytuej {MP+9}
Stlth    ..........             h - amulet of regeneration
HPRegen  0.72/turn              H - ring of poison resistance
MPRegen  0.21/turn              J - +6 ring of strength

@: lethally poisoned (-12 -> -12)
A: walk on water
a: Renounce Religion, Evoke Invisibility, Smiting, Recall Orcish Followers, Give
Item to Named Follower


You were on level 3 of the Lair of Beasts.
You worshipped Beogh.
Beogh was extremely pleased with you.
You visited 3 branches of the dungeon, and saw 17 of its levels.

You collected 1044 gold pieces.

Inventory:

Hand Weapons
 a - a +0 glaive
 b - a +3 spear
 E - a +4 vorpal war axe (weapon)
 L - a +4 executioner's axe of flaming
 R - the +7 dagger "Demonbane" {drain, rN+ Str+4 Int+4}
   (You took it off an orc wizard on level 10 of the Dungeon)

   A truly terrible weapon, it drains the life of those it strikes.
   It affects your strength (+4).
   It affects your intelligence (+4).
   It protects you from negative energy.
 Z - a +0 trident
Missiles
 I - 4 throwing nets (quivered)
Armour
 g - a +0 plate armour (worn)
 i - a scarf of invisibility (worn)
 o - a +1 helmet (worn)
 t - the +0 ring mail of Goaraw {rC+ Str+3}
   (You found it on level 8 of the Dungeon)

   It affects your strength (+3).
   It protects you from cold.
 u - a +1 hat of willpower
 v - the +2 pair of boots of Eheytuej (worn) {MP+9}
   (You found it on level 1 of the Lair of Beasts)

   It affects your magic capacity (+9).
 G - +0 swamp dragon scales
 V - a +0 buckler (worn)
Jewellery
 h - an amulet of regeneration (around neck)
 j - an uncursed ring of protection from fire
 z - an uncursed ring of protection from cold
 H - a ring of poison resistance (left hand)
 J - a +6 ring of strength (right hand)
Wands
 n - a wand of disintegration (11)
 q - a wand of enslavement (21)
 w - a wand of polymorph (6)
 B - a wand of paralysis (3)
 C - a wand of flame (24)
 N - a wand of acid (20)
 X - a wand of iceblast (9)
Scrolls
 c - 4 scrolls of magic mapping
 e - 2 scrolls of amnesia
 k - 5 scrolls of remove curse
 p - a scroll of enchant armour
 s - 4 scrolls of fear
 x - 4 scrolls of identify
 A - 3 scrolls of blinking
 F - a scroll of brand weapon {unknown}
 K - a scroll of teleportation
 U - a scroll of enchant weapon
Potions
 d - 5 potions of curing
 f - a potion of brilliance
 l - 5 potions of lignification
 m - 2 potions of cancellation
 r - 2 potions of haste
 D - a potion of magic
 M - 5 potions of heal wounds
 O - a potion of invisibility
 Q - a potion of resistance
 S - 2 potions of flight
Miscellaneous
 y - a phial of floods
 W - a condenser vane


   Skills:
 + Level 16.2 Fighting
 - Level 15.2 Axes
 - Level 14.2 Armour
 - Level 2.4 Dodging
 - Level 1.5 Stealth
 - Level 6.5 Shields
 - Level 8.0 Invocations
 + Level 4.1 Evocations


You had 13 spell levels left.
You didn't know any spells.
Your spell library contained the following spells:

 Spells                   Type           Power        Failure   Level
 Animate Skeleton         Necr           0%           96%         1
 Corona                   Hex            0%           96%         1
 Freeze                   Ice            0%           96%         1
 Pain                     Necr           0%           96%         1
 Sting                    Tmut/Pois      0%           96%         1
 Summon Small Mammal      Summ           0%           96%         1
 Blink                    Tloc           N/A          99%         2
 Call Imp                 Summ           0%           99%         2
 Ensorcelled Hibernation  Hex/Ice        0%           99%         2
 Poisonous Vapours        Pois/Air       0%           99%         2
 Call Canine Familiar     Summ           0%           100%        3
 Confusing Touch          Hex            0%           100%        3
 Dazzling Flash           Conj/Hex       0%           100%        3
 Frozen Ramparts          Ice            0%           100%        3
 Gell's Gravitas          Tloc           0%           100%        3
 Ignite Poison            Fire/Tmut/Pois 0%           100%        3
 Lesser Beckoning         Tloc           0%           100%        3
 Mephitic Cloud           Conj/Pois/Air  0%           100%        3
 Ozocubu's Armour         Ice            0%           100%        3
 Summon Guardian Golem    Hex/Summ       0%           100%        3
 Teleport Other           Tloc           0%           100%        3
 Tukima's Dance           Hex            0%           100%        3
 Vampiric Draining        Necr           0%           100%        3
 Animate Dead             Necr           0%           100%        4
 Hailstorm                Conj/Ice       0%           100%        4
 Leda's Liquefaction      Hex/Erth       0%           100%        4
 Olgreb's Toxic Radiance  Pois           0%           100%        4
 Passage of Golubria      Tloc           N/A          100%        4
 Summon Ice Beast         Ice/Summ       0%           100%        4
 Summon Lightning Spire   Summ/Air       0%           100%        4
 Agony                    Necr           0%           100%        5
 Bolt of Magma            Conj/Fire/Erth 0%           100%        5
 Iron Shot                Conj/Erth      0%           100%        6
 Statue Form              Tmut/Erth      0%           100%        6
 Shatter                  Erth           0%           100%        9


Dungeon Overview and Level Annotations

Branches:
Dungeon (13/15)            Temple (0/1) D:7            Lair (3/6) D:10
  Snake (0/4) Lair:2          Orc (1/2) D:9          Vaults (0/5) D:13
  Swamp: Lair:2-4    Shoals: Lair:2-4

Altars:
Cheibriados
Makhleb
Okawaru
Qazlal
Trog
Vehumet
Wu Jian
Yredelemnul
Zin
The Shining One
Beogh

Shops:
D:4 =   D:6 =   D:8 *

Portals:
Abyss: D:13

Annotations:
D:4 Ogre
D:7 !ant queen
D:9 !wizard
D:13 2 transporters, Sensen's ghost, journeyman MiBe


Message History

You feel sick.
Unknown command.
You hit the komodo dragon.
The komodo dragon is lightly wounded.
The komodo dragon bites you!
* * * LOW HITPOINT WARNING * * *
Unknown command.
You slash the komodo dragon!
The komodo dragon is heavily wounded.
Borgoth closely misses the black mamba.
Unknown command.
Your plate armour prevents you from hitting the komodo dragon.
The komodo dragon is heavily wounded.
The komodo dragon bites you but does no damage.
Unknown command.
Unknown command.
You barely miss the komodo dragon.
The komodo dragon is heavily wounded.
Borgoth barely misses the black mamba.
The komodo dragon bites you!!
You die...

### #..
..#
##..
..+ #†#
#@# #l#
#h###
#.
#S..#
...
##o###
#...
#..#
#...
##.#
#...
#†#
#...
##.####
###+...


You could see a komodo dragon, a black mamba, a wolf and the friendly Borgoth
the orc knight.

Vanquished Creatures
  Gastronok (Lair:1)
  Erica (Lair:1)
  A hydra (Lair:1)
  2 centaur warriors (D:13)
  2 two-headed ogres
  Nergalle (Lair:1)
  An orc knight (D:13)
  2 cyclopes
  4 elephants
  2 gargoyles (D:10)
  A cane toad (Lair:1)
  A centaur skeleton (D:13)
  A komodo dragon (D:13)
  Maggie (D:8)
  2 rime drakes (Lair:1)
  A tengu conjurer (D:13)
  A jumping spider (shapeshifter) (D:13)
  5 trolls
  2 hornets
  Prince Ribbit (D:5)
  A wraith (D:12)
  A shadow (D:13)
  A wyvern (D:9)
  35 yaks
  A basilisk (Lair:2)
  A vampire mosquito (D:12)
  A steam dragon (Lair:1)
  3 wargs (D:10)
  6 water moccasins
  An acid dragon (D:13)
  4 soldier ants
  5 orc warriors
  3 phantoms
  A black bear (D:6)
  A necrophage (D:11)
  7 sky beasts
  2 ogres
  4 centaurs
  5 wolves
  4 big kobolds
  15 bullfrogs
  2 scorpions
  A wyvern skeleton (D:8)
  7 killer bees (D:7)
  A wight (D:13)
  5 howler monkeys
  An electric eel (D:6)
  2 centaur zombies
  A bullfrog zombie (D:13)
  7 hounds
  An orc priest (D:10)
  2 jellies
  4 bullfrog skeletons
  6 orc wizards
  3 iguanas
  31 worker ants
  3 hound zombies
  2 hound skeletons
  7 adders
  4 gnolls
  2 shadow imps
  5 white imps
  6 ufetubi
  4 oozes
  2 adder zombies
  An adder skeleton (D:9)
  4 worms
  11 dart slugs
  5 leopard geckos
  28 orcs
  A giant cockroach (D:1)
  9 goblins
  14 hobgoblins
  17 kobolds
  4 quokkas
  6 bats
  8 frilled lizards
  A giant cockroach zombie (D:5)
  A jackal zombie (D:5)
  A leopard gecko skeleton (D:8)
  A quokka zombie (D:5)
  7 rats
363 creatures vanquished.

Vanquished Creatures (collateral kills)
  Erolcha (D:10)
  3 hydras
  2 two-headed ogres
  A deep elf mage (D:12)
  An ugly thing (D:13)
  A cyclops (D:13)
  An elephant (shapeshifter) (D:13)
  7 elephants
  A black mamba (Lair:2)
  A kobold demonologist (D:13)
  A komodo dragon (Lair:2)
  17 yaks
  2 wyverns
  3 vampire mosquitoes (D:12)
  An acid dragon (D:13)
  2 nagas (Lair:1)
  3 water moccasins
  An ice beast (D:9)
  An orc warrior (Orc:1)
  5 ogres
  A wolf (Lair:1)
  A centaur (D:12)
  3 bullfrogs
  A scorpion (D:10)
  A wight (D:13)
  2 electric eels
  A hound (D:12)
  2 orc wizards
  An iguana (D:13)
  A worker ant (D:11)
  2 adders (D:12)
  4 orcs
  A quokka (D:12)
  5 kobolds (D:10)
81 creatures vanquished.

Vanquished Creatures (others)
  4 orc knights
  6 orc warriors
  8 orc priests
  5 orc wizards
  A dart slug (D:6)
  34 orcs
  A bush (Lair:2)
  9 fungi
  79 plants
147 creatures vanquished.

Grand Total: 591 creatures vanquished

Notes
Turn   | Place    | Note
-------+----------+-------------------------------------------
     0 | D:1      | tropedat the Hill Orc Monk began the quest for the Orb.
     0 | D:1      | Reached XP level 1. HP: 19/19 MP: 1/1
    88 | D:1      | Reached XP level 2. HP: 24/27 MP: 2/2
   214 | D:1      | Reached skill level 5 in Axes
   433 | D:1      | Reached XP level 3. HP: 31/33 MP: 3/3
  1447 | D:2      | Reached XP level 4. HP: 40/40 MP: 4/4
  1938 | D:3      | Found a snail-covered altar of Cheibriados.
  2388 | D:3      | Reached XP level 5. HP: 45/46 MP: 5/5
  2468 | D:3      | Found a faded altar of an unknown god.
  2694 | D:4      | Noticed a phantom
  2818 | D:4      | Killed a phantom
  2819 | D:4      | Reached XP level 6. HP: 36/52 MP: 6/6
  2953 | D:4      | Noticed a phantom
  3061 | D:4      | Killed a phantom
  3062 | D:4      | Reached skill level 1 in Armour
  3250 | D:4      | Found Gurghiz's Jewellery Boutique.
  3420 | D:4      | Reached XP level 7. HP: 50/58 MP: 7/7
  3542 | D:4      | Found an iron altar of Okawaru.
  3691 | D:4      | Found a bloodstained altar of Trog.
  3873 | D:5      | Entered Level 5 of the Dungeon
  4096 | D:5      | Reached skill level 4 in Fighting
  4155 | D:5      | Noticed Prince Ribbit
  4275 | D:4      | Reached skill level 10 in Axes
  4459 | D:5      | Reached XP level 8. HP: 42/67 MP: 8/8
  5082 | D:5      | Reached skill level 5 in Fighting
  5579 | D:5      | Killed Prince Ribbit
  5692 | D:6      | Became a worshipper of Beogh the Brigand
  5692 | D:6      | Reached * piety under Beogh
  5692 | D:6      | Reached ** piety under Beogh
  5996 | D:6      | Found a glowing golden altar of the Shining One.
  6051 | D:6      | Reached skill level 5 in Armour
  6225 | D:6      | Reached skill level 6 in Fighting
  6306 | D:6      | Found a radiant altar of Vehumet.
  6415 | D:6      | Reached XP level 9. HP: 54/75 MP: 9/9
  6562 | D:6      | Found Simek's Jewellery Shop.
  7248 | D:7      | Noticed a hornet
  7285 | D:7      | Killed a hornet
  7420 | D:7      | Found an ornate altar of the Wu Jian Council.
  7473 | D:7      | Reached skill level 7 in Fighting
  7538 | D:7      | Found a stormy altar of Qazlal.
  7648 | D:7      | Found a basalt altar of Yredelemnul.
  8728 | D:4      | Found a bloodstained altar of Trog.
  8786 | D:4      | Found an iron altar of Okawaru.
  9037 | D:4      | Found Gurghiz's Jewellery Boutique.
  9161 | D:6      | Found a glowing golden altar of the Shining One.
  9378 | D:6      | Found a radiant altar of Vehumet.
  9693 | D:7      | Found a staircase to the Ecumenical Temple.
 10231 | D:8      | Found Moukhly's Merry Market.
 10458 | D:8      | Reached *** piety under Beogh
 10653 | D:7      | Got a jewelled long sword
 10942 | D:6      | Found Simek's Jewellery Shop.
 11279 | D:5      | Reached skill level 8 in Fighting
 11279 | D:5      | Reached XP level 10. HP: 70/88 MP: 10/10
 11715 | D:8      | Found a burning altar of Makhleb.
 11718 | D:8      | Got a smoking ring mail
 11850 | D:8      | Identified the cursed +0 ring mail of Goaraw {rC+ Str+3}
                  | (You found it on level 8 of the Dungeon)
 11855 | D:8      | Identified the +11 long sword of Boeskafi {chaos, Will+}
                  | (You found it on level 7 of the Dungeon)
 12121 | D:8      | Found a glowing silver altar of Zin.
 12122 | D:8      | Noticed a blizzard demon
 12122 | D:8      | Noticed an angel
 12230 | D:8      | Noticed Maggie
 12275 | D:8      | Killed Maggie
 12276 | D:8      | Reached skill level 1 in Invocations
 12544 | D:8      | Noticed a queen ant
 12780 | D:8      | Reached skill level 9 in Fighting
 13239 | D:9      | Noticed a wizard
 13882 | D:10     | Entered Level 10 of the Dungeon
 13991 | D:10     | Reached skill level 5 in Invocations
 13991 | D:10     | Reached **** piety under Beogh
 14001 | D:10     | Reached XP level 11. HP: 75/99 MP: 13/15
 14020 | D:10     | Reached skill level 10 in Fighting
 14028 | D:10     | Found a staircase to the Lair.
 14382 | D:10     | Identified the +7 dagger "Demonbane" {drain, rN+ Str+4
                  | Int+4}
 14586 | D:10     | Noticed a two-headed ogre
 14595 | D:10     | Killed a two-headed ogre
 14816 | D:10     | Noticed Erolcha
 14835 | D:10     | Killed Erolcha
 15367 | D:11     | Noticed a two-headed ogre
 15371 | D:10     | Gained Borgk as an ally
 15597 | D:10     | Killed a two-headed ogre
 15729 | D:11     | Noticed a six-headed hydra
 15754 | D:11     | Your ally Borgk died
 15809 | D:11     | Noticed a cyclops
 15845 | Lair:1   | Entered Level 1 of the Lair of Beasts
 16115 | D:10     | Killed a cyclops
 16116 | D:10     | Reached skill level 15 in Axes
 16656 | D:11     | Identified the +2 hand axe of a Thousand Xeniums {vamp,
                  | Str-4 Dex+7}
 16788 | D:12     | Reached ***** piety under Beogh
 16789 | D:12     | Reached skill level 11 in Fighting
 16842 | D:12     | Reached skill level 14 in Fighting
 16842 | D:12     | Reached XP level 12. HP: 117/117 MP: 17/17
 16843 | D:12     | Reached XP level 13. HP: 124/124 MP: 18/18
 16846 | D:12     | Identified a scroll of acquirement
 16846 | D:12     | Acquired a +1 executioner's axe of flaming
 17433 | D:12     | Reached skill level 1 in Shields
 18310 | D:13     | Gained Bogwald as an ally
 18423 | D:13     | Found a gate to the Vaults.
 18617 | Lair:1   | Reached XP level 14. HP: 133/133 MP: 20/20
 18620 | Lair:1   | Gained Morun as an ally
 18683 | Lair:1   | Noticed Nergalle
 18699 | Lair:1   | Killed Nergalle
 18881 | Lair:1   | Got a pair of transparent boots
 18887 | Lair:1   | Identified the +2 pair of boots of Eheytuej {MP+9} (You
                  | found it on level 1 of the Lair of Beasts)
 18920 | Lair:1   | Noticed Gastronok
 18962 | Lair:1   | Killed Gastronok
 19063 | Lair:2   | Found a staircase to the Snake Pit.
 19274 | Lair:1   | Reached skill level 15 in Fighting
 19546 | D:11     | Reached skill level 5 in Shields
 20166 | D:9      | Found a roughly hewn altar of Beogh.
 20166 | D:9      | Found a staircase to the Orcish Mines.
 20560 | Lair:1   | Noticed Erica
 20613 | Lair:1   | Your ally Bogwald died
 20616 | Lair:1   | Your ally Morun died
 20955 | Lair:1   | Killed Erica
 21668 | D:13     | Found a transporter.
 21712 | D:13     | Found a one-way gate to the infinite horrors of the Abyss.
 21712 | D:13     | Noticed Sensen's ghost (journeyman MiBe)
 21712 | D:13     | Noticed a brown very ugly thing
 21871 | D:13     | Found a transporter.
 22192 | D:13     | Gained Borgoth as an ally
 22425 | D:13     | Reached skill level 1 in Evocations
 23279 | Orc:1    | Entered Level 1 of the Orcish Mines
 24255 | Lair:2   | Reached skill level 16 in Fighting
 24984 | Lair:3   | Mangled by a komodo dragon

Illustrated notes

Levels and vault maps discovered:
D:1:      dpeg_arrival_pits, layout_rooms, palyth_stone_intersect
D:2:      layout_rooms
D:3:      layout_basic, cheibriados_altar_1, chequers_ecumenical_altar_lobes
D:4:      layout_basic, bloody_trog, okawaru_altar_gauntlet_db, serial_shops,
          nicolae_shop_statue_plus
D:5:      layout_loops_corners, skrybe_limestone_x, item_on_display_a,
          uniq_prince_ribbit1
D:6:      kennysheep_slugbush, layout_cave_pods, kennysheep_mini_moat,
          old_standard_altar, serial_shops, shop
D:7:      layout_basic, overflow_temple_1_default,
          nicolae_overflow_hidden_temple, minmay_temple_entry_waves
D:8:      minmay_chambers_of_fours, layout_rooms,
          grunt_temple_overflow_order_and_chaos_2, nicolae_alphabet_shops,
          chequers_avenue, minmay_another_anthill, uniq_maggie
D:9:      layout_loops_cross, david_orc_5, minmay_librarian
D:10:     layout_loops_corners, erik_lair_orcish_takeover, minivault_25,
          uniq_erolcha
D:11:     layout_rooms
D:12:     layout_grid_maze
D:13:     minmay_big_diamond_grid, layout_irregular_city,
          gammafunk_ghost_abyssal_escape, serial_shops,
          nicolae_shop_temple_entry_statues_fountains
Lair:1:   wad_woods_pond, layout_regular_city, uniq_erica, uniq_gastronok,
          uniq_nergalle
Lair:2:   layout_loops_ring, guppyfry_snake_entry_island
Lair:3:   dragon1_lemuel, layout_chaotic_city, elwin_shoals_entry_rooms,
          nicolae_volcano_entry_s_turn, infiniplex_staircase_pool,
          lemuel_fruit_tree
Orc:1:    layout_caves

Skill      XL: |  1  2  3  4  5  6  7  8  9 10 11 12 13 14 |
---------------+-------------------------------------------+-----
Axes           | 5 6 7 8 9 10 12 13 14 15 | 15.2
Armour         | 2 4 5 7 8 9 12 13 14 | 14.2
Fighting       | 4 6 8 9 14 16 | 16.2
Invocations    | 5 7 8 |  8.0
Shields        | 2 6 |  6.5
Evocations     | 4 |  4.1
Dodging        | |  2.4
Stealth        | |  1.5

Action                   |  1- 3 |  4- 6 |  7- 9 | 10-12 | 13-15 || total
-------------------------+-------+-------+-------+-------+-------++-------
Melee: Hand axe          |   123 |   199 |   752 |   349 |       ||  1423
       Battleaxe         |       |       |       |   198 |       ||   198
       Executioner's axe |       |       |       |       |   241 ||   241
       War axe           |       |       |       |       |   112 ||   112
Throw: Throwing net      |       |       |     1 |       |       ||     1
Invok: Convert to Beogh  |       |       |     1 |       |       ||     1
       Smiting           |       |       |     1 |     1 |       ||     2
       Recall Orcish Fol |       |       |       |     2 |    26 ||    28
       Stop Recall       |       |       |       |       |     8 ||     8
       Give Item to Name |       |       |       |       |     3 ||     3
Evoke: Wand              |       |       |     1 |     2 |     1 ||     4
       Condenser vane    |       |       |       |     1 |     1 ||     2
  Use: Scroll            |       |    11 |     4 |     6 |    14 ||    35
       Potion            |       |       |     2 |     4 |     1 ||     7
 Stab: Sleeping          |     4 |     4 |       |     1 |       ||     9
       Confused          |       |       |     2 |       |       ||     2
       Distracted        |       |       |       |     2 |     5 ||     7
       Paralysed         |       |       |       |     1 |       ||     1
Armor: Robe              |    27 |    17 |     8 |       |       ||    52
       Plate armour      |       |       |   378 |   275 |   302 ||   955
       Swamp dragon scal |       |       |       |    18 |       ||    18
Dodge: Dodged            |    85 |   117 |   209 |   166 |   144 ||   721
Block: Buckler           |       |       |       |       |    36 ||    36
